 Dungeon Crawl Stone Soup version 0.29-a0-275-g389c0b56f3 (webtiles) character file.

Game seed: 15974023378750595217

2476 spaghetti the Thaumaturge (level 9, -3/57 HPs)
             Began as a Demonspawn Hedge Wizard on Mar 12, 2022.
             Was an Initiate of Gozag.
             Slain by a steam dragon (9 damage)
             ... on level 8 of the Dungeon.
             The game lasted 00:12:39 (8818 turns).

spaghetti the Thaumaturge (Demonspawn Hedge Wizard) Turns: 8818, Time: 00:12:39

Health: -3/57      AC:  6    Str: 12    XL:     9   Next: 27%
Magic:  20/21      EV: 15    Int: 19    God:    Gozag
Gold:   889        SH:  4    Dex: 16    Spells: 18/30 levels left

rFire   . . .      SeeInvis +   j - +0 dagger (venom) {short}
rCold   . . .      Faith    .   (no shield)
rNeg    . . .      Spirit   .   v - +1 leather armour of Bellicose Miracles {rElec Will+}
rPois   .          Reflect  .   c - +1 hat
rElec   +          Harm     .   (no cloak)
rCorr   .          Rampage  .   (gloves unavailable)
Will    +....                   d - +0 pair of boots
Stlth   ++........              (no amulet)
HPRegen 0.19/turn               q - +4 ring of evasion
MPRegen 0.17/turn               (no ring)

@: no status effects
A: large bone plates 1, icemail 1, spiny 1, condensation shield, demonic touch
3, see invisible, agile 1, low MP 1, strong 1
a: Renounce Religion, Potion Petition, Call Merchant, Bribe Branch


You were on level 8 of the Dungeon.
You worshipped Gozag.
Gozag was pleased with you.
You visited 2 branches of the dungeon, and saw 9 of its levels.

You collected 937 gold pieces.
You paid 48 gold pieces to Gozag.


Innate Abilities, Weirdness & Mutations

You are partially covered in large bone plates. (SH +4)
A meltable icy envelope protects you from harm. (AC +0)
You are partially covered in sharp spines.
A meltable shield of frost defends you. (SH +0)
Your touch may irresistibly damage your foes and sap their willpower.
You have supernaturally acute eyesight. (SInv)
You are agile. (Dex +2)
Your magical capacity is low. (-10% MP)
Your muscles are strong. (Str +2)


   Skills:
 - Level 1.7 Dodging
 - Level 1.7 Stealth
 + Level 11.3 Spellcasting
 - Level 1.0 Conjurations
 - Level 4.0 Summonings
 - Level 0.8 Translocations


You had 18 spell levels left.
You knew the following spells:

 Your Spells              Type           Power      Damage    Failure   Level
a - Magic Dart            Conj           56%        1d5       5%          1
b - Call Imp              Summ           25%        N/A       2%          2
c - Conjure Flame         Conj/Fire      12%        6-21      21%         3
d - Mephitic Cloud        Conj/Pois/Air  12%        N/A       22%         3
e - Inner Flame           Hex/Fire       10%        N/A       24%         3

Your spell library contained the following spells:

 Spells                   Type           Power      Damage    Failure   Level
 Foxfire                  Conj/Fire      48%        2x1d6     7%          1
 Slow                     Hex            40%        N/A       9%          1
 Blink                    Tloc           28%        N/A       9%          2
 Flame Wave               Conj/Fire      12%        2d6       54%         4

Inventory:

Hand Weapons
 j - a +0 dagger of venom (weapon) {short}
   (You took it off an orc wizard on level 6 of the Dungeon)
 l - a +0 rapier {short}
   (You found it on level 2 of the Dungeon)
Missiles
 a - 3 boomerangs {throwing}
 f - 8 poisoned darts {throwing}
 h - 208 stones {throwing}
 n - 4 javelins {throwing}
Armour
 c - a +1 hat (worn)
 d - a +0 pair of boots (worn)
   (You found it on level 5 of the Dungeon)
 v - the +1 leather armour of Bellicose Miracles (worn) {rElec Will+}
   (You found it on level 7 of the Dungeon)

   rElec:     It insulates you from electricity.
   Will:      It increases your willpower.
Jewellery
 q - a +4 ring of evasion (left hand)
   (You found it on level 4 of the Dungeon)
 r - a ring of positive energy
   (You found it on level 4 of the Dungeon)
Wands
 p - a wand of flame (14)
   (You found it on level 6 of the Dungeon)
 s - a wand of iceblast (8)
   (You found it on level 6 of the Dungeon)
Scrolls
 b - a scroll of vulnerability {!r!r}
 i - a scroll of blinking {!r}
 m - 3 scrolls of enchant armour
 o - a scroll of fear
Potions
 e - a potion of cancellation
 g - 4 potions of degeneration {!q@e2}
 k - 4 potions of curing {@q1}
 t - a potion of berserk rage {!q}
 u - a potion of haste {unknown}

Dungeon Overview and Level Annotations

Branches:
Dungeon (8/15)             Temple (1/1) D:4
   Lair: D:8-11

Altars:
Ashenzari
Cheibriados
Dithmenos
Elyvilon
Fedhas
Gozag
Hepliaklqana
Kikubaaqudgha
Makhleb
Nemelex Xobeh
Qazlal
Ru
Sif Muna
Trog
Uskayaw
Vehumet
Wu Jian
Xom
Yredelemnul
The Shining One

Shops:
D:2 [

Annotations:
D:5 2 transporters

..###.. ... .......#
#..# #......###..##
$.... #...........#
..... #..........#
........
#........##........
#..5...............
#.Dยง.[.............
##@ยง$$)............
#..#..#......#.#...
#..##.##.#.###.#...
.......##.#.........
#......##.......##..#
#...... ##...#......#
....... #...#......#
........#
#......###..
......#...###..


You could see a steam dragon (very poisoned, ally target) and a friendly crimson
imp (summoned).


Message History

๐Ÿ˜ฎ HP[-5] MP[+1]
You now have 55 max hp (-2).
You take 5 damage, and now have 34/55 hp.
You hit the wight.
You touch the wight!
You destroy the wight!
Your crimson imp barely misses the wight.
Your life force feels restored.
You now have 57 max hp (+2).
Your crimson imp hits the wight.
Items here: $ ) ? [.
Your crimson imp hits the wight but does no damage.
Items here: $ )) ? [[.
You hit the wight but do no damage. The wight completely misses you.
Your crimson imp blinks!
You barely miss the wight.
You touch the wight!
You sap its willpower!
Your punch misses the wight.
The wight hits you but does no damage. ๐Ÿ˜ฎ HP[+1]
You hit the wight but do no damage. The wight is struck by your spines.
The wight hits you with a +4 battleaxe. ๐Ÿ˜ฎ HP[-2] MP[+1]
You take 2 damage, and now have 33/57 hp.
You hit the wight.
The wight is distracted by your dazzling golden aura.
You strike the helpless wight from behind!
You hit the wight.
You destroy the wight!
You now have 889 gold pieces (gained 5).
Things that are here:
a +4 battleaxe {axe}; a +0 robe ๐Ÿ˜ฎ HP[+1] Key pressed, stopping explore.
A steam dragon is nearby!
A steam dragon is nearby!
A steam dragon is nearby!
A steam dragon is nearby! ๐Ÿ˜• HP[+14] MP[+12]
You regained 14 hp, and now have 48/57 hp.
Your mp is fully restored (21).
A steam dragon is nearby!
A steam dragon is nearby!
No target in range!
What are your orders? t - Shout!
Orders for allies: a - Attack new target. r - Retreat! s - Stop attacking. g - Guard the area. f - Follow me.
Anything else - Cancel.
Gang up on whom?
Press: ? - help, Dir - move target, f - steam dragon
Aim: a steam dragon (not watching you) Attack!
The steam dragon breathes steam at you. The ball of steam hits you!!
Your icy defenses dissipate!
* * * LOW HITPOINT WARNING * * *
You see here a +0 scale mail. ๐Ÿ˜จ HP[-20]
You take 20 damage, and now have 28/57 hp.
MASSIVE DAMAGE!! (PAUSE)
You are too injured to fight recklessly!
Aiming: Magic Dart (safe; 5% risk of failure)
Press: ? - help, Q - select action, (/) - cycle Shift-Dir - straight line, f/p - steam dragon
Aim: a steam dragon (steam, catching its breath, ally target, 100% to hit)
The magic dart hits the steam dragon but does no damage.
Your crimson imp blinks! ๐Ÿ˜จ MP[-1]
You lost 1 mp, and now have 20/21 mp.
You see here 5 gold pieces. ๐Ÿ˜ฎ HP[+1]
Aiming: Magic Dart (safe; 5% risk of failure)
Press: ? - help, Q - select action, (/) - cycle Shift-Dir - straight line, f/p - steam dragon
Aim: a steam dragon (100% to hit)
The magic dart hits the steam dragon.
You are engulfed in a cloud of scalding steam.
* * * LOW HITPOINT WARNING * * *
๐Ÿ˜จ HP[-1] MP[-1]
You take 1 damage, and now have 28/57 hp.
You lost 1 mp, and now have 19/21 mp.
You hit the steam dragon but do no damage.
Your touch misses the steam dragon.
You are engulfed in a cloud of scalding steam.
The steam dragon is struck by your spines.
The steam dragon bites you but does no damage.
The steam dragon misses you.
Your crimson imp hits the steam dragon.
You hit the steam dragon but do no damage.
The steam dragon is poisoned.
Your touch misses the steam dragon. The steam dragon breathes steam at you.
The ball of steam hits you!!
* * * LOW HITPOINT WARNING * * *
Your crimson imp hits the steam dragon but does no damage. ๐Ÿ˜ฑ HP[-18]
You take 18 damage, and now have 10/57 hp.
MASSIVE DAMAGE!! (PAUSE) ๐Ÿ˜ฑ MP[+1]
You hit the steam dragon.
You are engulfed in a cloud of scalding steam.
* * * LOW HITPOINT WARNING * * *
The steam dragon bites you!
You die...
Your body crumbles into a pile of gold.

Skill      XL: |  1  2  3  4  5  6  7  8  9 |
---------------+----------------------------+-----
Spellcasting   | 4 5 6 8 10 11 | 11.3
Summonings     | 2 3 4 |  4.0
Dodging        | |  1.7
Stealth        | |  1.7
Conjurations   | |  1.0
Translocations | |  0.8

Action                   |  1- 3 |  4- 6 |  7- 9 || total
-------------------------+-------+-------+-------++-------
Melee: Dagger            |    51 |    53 |   167 ||   271
       Touch             |       |     7 |    35 ||    42
       Punch             |       |       |     3 ||     3
 Cast: Magic Dart        |    70 |    65 |   114 ||   249
       Call Imp          |       |     2 |    17 ||    19
Evoke: Wand              |       |     4 |       ||     4
  Use: Scroll            |     5 |     3 |     3 ||    11
       Potion            |       |     2 |     8 ||    10
 Stab: Sleeping          |       |       |     1 ||     1
       Distracted        |       |       |     1 ||     1
Armor: Robe              |     8 |     2 |    22 ||    32
       Skin              |       |       |    34 ||    34
       Leather armour    |       |       |     8 ||     8
Dodge: Dodged            |    19 |    27 |    73 ||   119
Block: Other             |     4 |     9 |    43 ||    56

Levels and vault maps discovered:
D:1:      minmay_arrival_five_plusses, layout_loops_ring, roderic_lattice_a
D:2:      layout_rooms, serial_shops, nicolae_shop_trees,
          basic_ecumenical_altar, minmay_goblin_kobold_house
D:3:      layout_basic
D:4:      layout_basic, minmay_temple_entry_glass, uniq_blork_the_orc
D:5:      gammafunk_steamed_eel, layout_loops_ring
D:6:      layout_basic
D:7:      layout_basic, chequers_temple_overflow_statue_of_worship
D:8:      layout_cave_pools, lemuel_tele_altar
Temple:   compressed_dpeg_circular_temple

Notes
Turn   | Place    | Note
-------+----------+-------------------------------------------
     0 | D:1      | spaghetti the Demonspawn Hedge Wizard began the quest for
                  | the Orb.
     0 | D:1      | Reached XP level 1. HP: 13/13 MP: 4/4
     0 | D:1      | magus.rc [v1.9.6]
   545 | D:1      | Gained mutation: A meltable shield of frost defends you.
                  | (SH +0) [demonic ancestry]
   545 | D:1      | Reached XP level 2. HP: 18/19 MP: 0/6
  1047 | D:2      | Found a faded altar of an unknown god.
  1062 | D:2      | Found Meiweena's Armour Shop.
  1126 | D:2      | Reached skill level 4 in Spellcasting
  1129 | D:2      | Learned a level 2 spell: Call Imp
  1168 | D:2      | Gained mutation: You are partially covered in sharp spines.
                  | [demonic ancestry]
  1168 | D:2      | Reached XP level 3. HP: 15/24 MP: 0/8
  1597 | D:2      | Reached skill level 2 in Summonings
  2352 | D:3      | Gained mutation: Your touch may inflict minor irresistible
                  | damage on your foes. [demonic ancestry]
  2352 | D:3      | Reached XP level 4. HP: 30/30 MP: 5/10
  2559 | D:3      | Reached skill level 3 in Summonings
  3178 | D:4      | Noticed Blork the orc
  3324 | D:4      | You pick up a book of Flames and begin reading...
  3324 | D:4      | You add the spells Foxfire, Inner Flame and Flame Wave to
                  | your library.
  3339 | D:4      | Gained mutation: Your touch may inflict irresistible damage
                  | on your foes. [demonic ancestry]
  3339 | D:4      | Reached XP level 5. HP: 35/35 MP: 3/11
  3340 | D:4      | Reached skill level 4 in Summonings
  3447 | D:4      | Killed Blork the orc
  3745 | D:4      | Found a staircase to the Ecumenical Temple.
  3754 | D:4      | Reached skill level 5 in Spellcasting
  3767 | Temple   | Entered the Ecumenical Temple
  3850 | Temple   | Became a worshipper of Gozag Ym Sagoz the Greedy
  3909 | D:4      | Noticed a phantom
  3928 | D:4      | HP: 6/35 [phantom (4)]
  3932 | D:4      | Killed a phantom
  3933 | D:4      | Reached XP level 6. HP: 8/41 MP: 10/14
  4235 | D:5      | Entered Level 5 of the Dungeon
  4307 | D:5      | Reached skill level 6 in Spellcasting
  4432 | D:5      | Gained mutation: A meltable icy envelope protects you from
                  | harm. (AC +0) [demonic ancestry]
  4432 | D:5      | Reached XP level 7. HP: 37/46 MP: 16/16
  4775 | D:5      | HP: 4/46 [acid dragon/splash of acid (16)]
  4784 | D:5      | HP: 16/69 [acid dragon (5)]
  4788 | D:5      | Reached skill level 7 in Spellcasting
  5065 | D:5      | Found a transporter.
  5080 | D:5      | Found a transporter.
  5635 | D:6      | HP: 7/46 [centaur/arrow (13)]
  5645 | D:6      | HP: 14/69 [centaur (2)]
  5653 | D:6      | Reached skill level 8 in Spellcasting
  5984 | D:6      | Gained mutation: You are partially covered in large bone
                  | plates. (SH +4) [demonic ancestry]
  5984 | D:6      | Reached XP level 8. HP: 52/52 MP: 17/20
  6024 | D:6      | Gained mutation: Your magical capacity is low. (-10% MP)
                  | [potion of mutation]
  6024 | D:6      | Gained mutation: You have supernaturally acute eyesight.
                  | (SInv) [potion of mutation]
  6024 | D:6      | Gained mutation: Your muscles are strong. (Str +2) [potion
                  | of mutation]
  6024 | D:6      | Gained mutation: You are agile. (Dex +2) [potion of
                  | mutation]
  6034 | D:6      | HP: 10/52 [orc priest/divine providence (8)]
  6701 | D:7      | Reached skill level 9 in Spellcasting
  6852 | D:7      | Found an ornate altar of the Wu Jian Council.
  7094 | D:7      | Reached skill level 10 in Spellcasting
  7418 | D:7      | Found a sparkling altar of Nemelex Xobeh.
  7539 | D:7      | HP: 13/52 [poisoned by a scorpion]
  7862 | D:7      | Identified the +1 leather armour of Bellicose Miracles
                  | {rElec Will+}
  8368 | D:8      | Noticed a two-headed ogre
  8496 | D:6      | Learned a level 3 spell: Conjure Flame
  8500 | D:6      | Learned a level 3 spell: Mephitic Cloud
  8504 | D:6      | Learned a level 3 spell: Inner Flame
  8572 | D:8      | Gained mutation: Your touch may irresistibly damage your
                  | foes and sap their willpower. [demonic ancestry]
  8572 | D:8      | Reached XP level 9. HP: 52/57 MP: 18/21
  8708 | D:8      | Reached skill level 11 in Spellcasting
  8816 | D:8      | HP: 10/57 [steam dragon/ball of steam (18)]
  8818 | D:8      | Slain by a steam dragon

Vanquished Creatures
  A wyvern (D:7)
  An acid dragon (D:5)
  2 orc warriors (D:7)
  A water moccasin (D:7)
  2 sky beasts
  A black bear (D:5)
  A centaur (D:6)
  Blork the orc (D:4)
  4 bullfrogs
  A necrophage (D:7)
  4 scorpions
  5 wights (D:8)
  3 howler monkeys
  A jelly (D:7)
  An orc priest (D:6)
  3 hounds
  An iguana (D:5)
  4 orc wizards
  8 adders
  A shadow imp (D:5)
  A worm (D:2)
  2 dart slugs (D:3)
  22 orcs
  10 ball pythons
  5 endoplasms
  2 giant cockroaches (D:2)
  8 goblins
  8 hobgoblins
  2 quokkas (D:1)
  3 bats
  A frilled lizard (D:3)
  6 kobolds
  6 rats
122 creatures vanquished.

Vanquished Creatures (collateral kills)
  A phantom (D:4)
  An orc priest (D:7)
  An iguana (D:5)
  A hobgoblin (D:4)
4 creatures vanquished.

Grand Total: 126 creatures vanquished

Table legend:
 A = Non-vault XP
 B = Vault XP
 C = Vault XP percentage of total XP
 D = Non-vault monster count
 E = Vault monster count
 F = Vault count percentage of total count
                 A         B        C        D         E       F
            +---------+---------+-------+---------+---------+-------
      Total |    3425 |     113 |   3.2 |     118 |       8 |   6.3
            +---------+---------+-------+---------+---------+-------
        D:1 |      18 |       0 |   0.0 |      12 |       0 |   0.0
        D:2 |      59 |      13 |  18.1 |      20 |       7 |  25.9
        D:3 |      48 |       0 |   0.0 |      12 |       0 |   0.0
        D:4 |     227 |     100 |  30.6 |      13 |       1 |   7.1
        D:5 |     653 |       0 |   0.0 |      12 |       0 |   0.0
        D:6 |     517 |       0 |   0.0 |      17 |       0 |   0.0
        D:7 |    1292 |       0 |   0.0 |      21 |       0 |   0.0
        D:8 |     611 |       0 |   0.0 |      11 |       0 |   0.0
            +---------+---------+-------+---------+---------+-------

Illustrated notes

Table legend:
 A = Kills in this place as a percentage of kills in entire the game.
 B = Kills by you in this place as a percentage of kills by you in the entire game.
 C = Kills by friends in this place as a percentage of kills by friends in the entire game.
 D = Other kills in this place as a percentage of other kills in the entire game.
 E = Experience gained in this place as a percentage of experience gained in the entire game.
 F = Experience gained in this place divided by the number of levels of this place that you have seen.
                   A       B       C       D       E      F
               +-------+-------+-------+-------+-------+----------------------
         Total | 100.0 | 100.0 | 100.0 |   N/A | 100.0 | 393.1
       Dungeon | 100.0 | 100.0 | 100.0 |   N/A | 100.0 | 442.2
               +-------+-------+-------+-------+-------+----------------------

Table legend: (Time is in decaauts)
 A = Elapsed time spent in this place.
 B = Non-inter-level travel time spent in this place.
 C = Inter-level travel time spent in this place.
 D = Time resting spent in this place.
 E = Time spent auto-exploring this place.
 F = Levels seen in this place.
 G = Mean time per level.
                   A        B        C        D        E       F      G
               +--------+--------+--------+--------+--------+-----+--------+
         Total |   8827 |   8563 |    264 |    624 |   6820 |   9 |  980.8 |
       Dungeon |   8737 |   8488 |    249 |    624 |   6761 |   8 | 1092.1 |
        Temple |     90 |     75 |     15 |      0 |     59 |   1 |   90.0 |
               +--------+--------+--------+--------+--------+-----+--------+

Top non-repeatable levels by time:
     D:7: 1791 daAuts
     D:6: 1399 daAuts
     D:5: 1178 daAuts
     D:2: 1171 daAuts
     D:4: 1100 daAuts
     D:3: 956 daAuts
     D:1: 913 daAuts
     D:8: 224 daAuts
  Temple: 90 daAuts
